 Dungeon Crawl Stone Soup version 0.28-a0-1114-g8eb0198dcf (webtiles) character file.

Game seed: 13002639353288842600

2195 Froggeryz the Cleaver (level 9, 0/100 HPs)
             Began as a Palentonga Berserker on Dec 11, 2021.
             Was an Elder of Trog.
             Engulfed by a steam dragon's steam (2 damage)
             ... on level 7 of the Dungeon.
             The game lasted 00:10:07 (7164 turns).

Froggeryz the Cleaver (Palentonga Berserker)        Turns: 7164, Time: 00:10:07

Health: 0/100      AC: 12    Str: 24    XL:     9   Next: 12%
Magic:  9/9        EV:  9    Int:  7    God:    Trog [****..]
Gold:   284        SH:  5    Dex: 11    Spells: 8/8 levels left

rFire   . . .      SeeInvis +   y - +4 hand axe
rCold   . . .      Faith    .   (no shield)
rNeg    + . .      Spirit   .   m - +0 ring mail
rPois   .          Reflect  +   E - +0 helmet
rElec   .          Harm     .   (no cloak)
rCorr   .          Rampage  .   q - +0 pair of gloves
Will    .....                   (no barding)
Stlth   ..........              C - amulet of reflection
HPRegen 0.26/turn               b - +4 ring of protection
MPRegen 0.11/turn               a - ring of positive energy

@: berserking, very quick
A: large, rugged brown scales 3, see invisible, deformed body, roll 1, armoured
tail, reflexive curl
a: Rolling Charge, Renounce Religion, Berserk, Trog's Hand, Brothers in Arms


You were on level 7 of the Dungeon.
You worshipped Trog.
Trog was greatly pleased with you.
You visited 1 branch of the dungeon, and saw 7 of its levels.

You collected 388 gold pieces.
You spent 104 gold pieces at shops.

Inventory:

Hand Weapons
 y - a +4 hand axe (weapon)
Missiles
 h - 7 throwing nets
 i - 51 poisoned darts (quivered)
 A - 6 atropa-tipped darts
 F - a curare-tipped dart
 G - 3 boomerangs
Armour
 m - a +0 ring mail (worn)
 q - a +0 pair of gloves (worn)
 E - a +0 helmet (worn)
Jewellery
 a - a ring of positive energy (right hand)
 b - a +4 ring of protection (left hand)
 B - a ring of positive energy
 C - an amulet of reflection (around neck)
Wands
 k - a wand of digging (2)
 o - a wand of flame (10)
 z - a wand of paralysis (3)
Scrolls
 c - 2 scrolls of blinking
 f - 8 scrolls of teleportation {unknown}
 g - 4 scrolls of identify {unknown}
 l - 4 scrolls of fog
 p - a scroll of fear {unknown}
 r - 2 scrolls of noise {unknown}
 s - a scroll of amnesia {unknown}
 t - a scroll of enchant armour {unknown}
 u - a scroll of summoning {unknown}
 w - 2 scrolls of silence {unknown}
Potions
 d - a potion of degeneration {unknown}
 e - 4 potions of curing {unknown}
 j - a potion of brilliance {unknown}
 n - 3 potions of might {unknown}
 v - 2 potions of heal wounds {unknown}
 x - a potion of lignification {unknown}
 D - 3 potions of mutation {unknown}


   Skills:
 - Level 3.0 Fighting
 * Level 10.4 Axes
 + Level 4.9 Throwing
 - Level 2.3 Armour
 - Level 1.5 Dodging


You had 8 spell levels left.
You didn't know any spells.
Your spell library was empty.

Dungeon Overview and Level Annotations

Branches:
Dungeon (7/15)
 Temple: D:4-7

Altars:
Zin

Shops:
D:4 *   D:7 ?

Annotations:
D:7 Menkaure


Innate Abilities, Weirdness & Mutations

You are completely covered in rugged brown scales. (AC +3, +7% HP)
You have supernaturally acute eyesight. (SInv)
Armour fits poorly on your strangely shaped body.
You can roll at nearby foes to attack.
You have a long armoured tail.
You curl defensively after being hit. (AC +7*)


Message History

Found a leather armour and a Trismegistus Codex.
Found an escape hatch in the floor.
No target in view!
Menkaure, Prince of Dust comes into view.
Found 13 gold pieces.
Menkaure shouts!
Menkaure calls on the powers of darkness!
Your body is wracked with pain!
Menkaure is nearby!
Menkaure is nearby!
Found a ring mail.
Menkaure mumbles some strange words.
Menkaure seems to speed up.
A steam dragon comes into view.
The steam dragon hisses angrily.
You block Menkaure's attack.
Menkaure calls on the powers of darkness!
The steam dragon convulses!
Your body is wracked with pain!
You are too injured to fight recklessly!
You are too injured to fight recklessly!
You are too injured to fight recklessly!
You are too injured to fight recklessly!
You are too injured to fight recklessly!
You are too injured to fight recklessly!
You are too injured to fight recklessly!
You are too injured to fight recklessly!
You are too injured to fight recklessly!
You are too injured to fight recklessly!
You are too injured to fight recklessly!
You are too injured to fight recklessly!
A red film seems to cover your vision as you go berserk!
You feel yourself moving faster!
You feel mighty! The steam dragon breathes steam at you.
The ball of steam hits you!!
* * * LOW HITPOINT WARNING * * *
Menkaure hits you!
* * * LOW HITPOINT WARNING * * *
You barely miss Menkaure.
You are engulfed in a cloud of scalding steam.
You die...

..................
# #
###........#......
#
###.......#.##...
. ......§....##
..(
...#:....[..### .
...#...§.§....#..
.
........§........[
.##....§...$......
#....@....##.#..
......M§.......# #
.......D>.#.#...
.#..$.......#.#.#
#......#.... #
........#......
........###.##.
........# ..


You could see a steam dragon (catching breath) and Menkaure (fast).

Vanquished Creatures
  An ice beast (D:6)
  A sky beast (D:6)
  2 black bears
  3 ogres
  A centaur (D:7)
  A necrophage (D:5)
  Blork the orc (D:6)
  A kobold brigand (D:7)
  2 bullfrogs
  3 gnoll sergeants (D:7)
  A water moccasin zombie (D:4)
  A water moccasin skeleton (D:4)
  6 hounds
  2 bullfrog zombies
  A centaur zombie (D:4)
  2 jellies
  2 gnoll shamans (D:7)
  2 bullfrog skeletons
  2 orc wizards
  2 hound skeletons (D:4)
  18 gnolls
  4 adders
  A howler monkey skeleton (D:6)
  2 shadow imps
  2 dart slugs (D:3)
  17 orcs
  5 ball pythons
  11 endoplasms
  3 giant cockroaches
  8 goblins
  7 hobgoblins
  4 jackals
  11 kobolds
  A quokka (D:2)
  6 bats
  3 frilled lizards
  5 rats
145 creatures vanquished.

Notes
Turn   | Place    | Note
-------+----------+-------------------------------------------
     0 | D:1      | Froggeryz the Palentonga Berserker began the quest for the
                  | Orb.
     0 | D:1      | Reached XP level 1. HP: 19/19 MP: 1/1
   290 | D:1      | Reached XP level 2. HP: 25/25 MP: 2/2
   966 | D:2      | Reached XP level 3. HP: 31/31 MP: 3/3
  1057 | D:2      | Reached ** piety under Trog
  1058 | D:2      | Reached skill level 4 in Axes
  2266 | D:3      | Reached XP level 4. HP: 33/37 MP: 4/4
  2815 | D:4      | Found Wikiloh's Assorted Antiques.
  3072 | D:4      | Reached skill level 1 in Throwing
  3101 | D:4      | Reached skill level 5 in Axes
  3135 | D:4      | Reached XP level 5. HP: 41/43 MP: 5/5
  3173 | D:4      | Reached *** piety under Trog
  3543 | D:4      | Reached XP level 6. HP: 42/50 MP: 6/6
  3603 | D:4      | Reached skill level 6 in Axes
  3789 | D:5      | Entered Level 5 of the Dungeon
  4217 | D:5      | Gained mutation: You curl defensively after being hit. (AC
                  | +7*) [Palentonga growth]
  4217 | D:5      | Reached XP level 7. HP: 43/55 MP: 7/7
  4333 | D:5      | Reached skill level 7 in Axes
  4815 | D:5      | Found a glowing silver altar of Zin.
  5407 | D:6      | Noticed Blork the orc
  5415 | D:6      | Killed Blork the orc
  5416 | D:6      | Reached skill level 8 in Axes
  5560 | D:6      | Reached XP level 8. HP: 45/62 MP: 8/8
  5897 | D:6      | Reached skill level 9 in Axes
  6154 | D:7      | Found Byre's Magic Scroll Shoppe.
  6166 | D:7      | Bought a scroll of blinking for 82 gold pieces
  6166 | D:7      | Bought a scroll of fog for 22 gold pieces
  6536 | D:7      | Reached **** piety under Trog
  6569 | D:7      | Reached skill level 10 in Axes
  6826 | D:7      | Reached XP level 9. HP: 63/67 MP: 9/9
  7158 | D:7      | Noticed Menkaure
  7163 | D:7      | HP: 2/100 [Menkaure (14)]
  7164 | D:7      | Engulfed by a steam dragon's steam

Illustrated notes

Levels and vault maps discovered:
D:1:      ncdulo_halloftheorcs, layout_rooms
D:2:      layout_loops_ring, minmay_octomino_j4
D:3:      layout_loops_cross, minmay_quadrilaterals
D:4:      layout_basic, serial_shops, shop
D:5:      layout_layer_cave, zin_academy
D:6:      layout_rooms, serial_rivers, chequers_serial_rivers_large_b,
          chequers_serial_rivers_room_a, chequers_serial_rivers_marsh,
          chequers_serial_rivers_micro_e, chequers_serial_rivers_marsh,
          chequers_serial_rivers_small_a, uniq_blork_the_orc
D:7:      layout_cave_pools, mainiacjoe_overflow_cross_hatched,
          minmay_temple_entry_ruins, serial_gnoll_camp, gnoll_camp_mini_shop,
          gnoll_camp_mini_house, gnoll_camp_huts_basic, gnoll_camp_medium_02,
          gnoll_camp_mini_shop, minmay_misc_feat_five, uniq_menkaure

Skill      XL: |  1  2  3  4  5  6  7  8 |
---------------+-------------------------+-----
Armour         | 2 |  2.3
Axes           | 4 5 6 8 10 | 10.4
Throwing       | 1 2 3 4 |  4.9
Fighting       | |  3.0
Dodging        | |  1.5

Action                   |  1- 3 |  4- 6 |  7- 9 || total
-------------------------+-------+-------+-------++-------
Melee: Hand axe          |   110 |   144 |   210 ||   464
       Tailslap          |    11 |    22 |    24 ||    57
Throw: Dart              |       |       |     1 ||     1
Invok: Berserk           |       |     1 |     7 ||     8
 Abil: Rolling Charge    |       |       |     1 ||     1
 Stab: Sleeping          |     2 |       |       ||     2
Armor: Animal skin       |    48 |       |       ||    48
       Ring mail         |     3 |    74 |    93 ||   170
       Leather armour    |     1 |       |       ||     1
Dodge: Dodged            |    55 |    71 |    90 ||   216
Block: Other             |       |       |    36 ||    36

Table legend: (Time is in decaauts)
 A = Elapsed time spent in this place.
 B = Non-inter-level travel time spent in this place.
 C = Inter-level travel time spent in this place.
 D = Time resting spent in this place.
 E = Time spent auto-exploring this place.
 F = Levels seen in this place.
 G = Mean time per level.
                   A        B        C        D        E       F      G
               +--------+--------+--------+--------+--------+-----+--------+
         Total |   7259 |   7061 |    198 |   1224 |   4746 |   7 | 1037.0 |
       Dungeon |   7259 |   7061 |    198 |   1224 |   4746 |   7 | 1037.0 |
               +--------+--------+--------+--------+--------+-----+--------+

Top non-repeatable levels by time:
     D:5: 1425 daAuts
     D:4: 1138 daAuts
     D:2: 1135 daAuts
     D:6: 1053 daAuts
     D:3: 1000 daAuts
     D:7: 842 daAuts
     D:1: 662 daAuts
